 Dungeon Crawl Stone Soup version 0.31-a0-986-g5e6e4ef867 (webtiles) character file.

Game seed: 13765028875703644558

433 Fodor the Chopper (level 6, -6/56 HPs)
             Began as a Minotaur Fighter on Nov 21, 2023.
             Mangled by a wyvern (14 damage)
             ... on level 5 of the Dungeon.
             The game lasted 00:16:22 (3271 turns).

Fodor the Chopper (Minotaur Fighter)                Turns: 3271, Time: 00:16:23

Health: -6/56      AC: 18    Str: 23    XL:     6   Next: 67%
Magic:  5/5        EV:  6    Int:  5    God:
Gold:   222        SH:  0    Dex:  9    Spells: 5/5 levels left

rFire   + + .        c - +7 great mace "Firestarter" {flame, immolate, rFlCloud rF++}
rCold   + . .        (shield currently unavailable)
rNeg    + . .        j - +4 plate armour
rPois   .            (helmet restricted)
rElec   .            (no cloak)
rCorr   .            (no gloves)
SInv    .            r - +1 pair of boots
Will    .....        (no amulet) Stlth
                     h - ring of protection from cold
HPRegen 0.29/turn    p - ring of positive energy
MPRegen 0.09/turn

%: no passive effects
@: no status effects
A: horns 2, retaliatory headbutt
a: no special abilities


You were on level 5 of the Dungeon.
You visited 1 branch of the dungeon, and saw 5 of its levels.

You collected 222 gold pieces.

Inventory:

Hand Weapons
 a - a +0 war axe
 c - the +7 great mace "Firestarter" (weapon) {flame, immolate, rFlCloud rF++}
   (You found it on level 2 of the Dungeon)

   rFlCloud:  It grants immunity to clouds of flame.
   rF++:      It greatly protects you from fire.
 o - a +1 heavy sling
Armour
 j - a +4 plate armour (worn)
 l - a +0 tower shield
 r - a +1 pair of boots (worn)
Jewellery
 h - a ring of protection from cold (left hand)
 p - a ring of positive energy (right hand)
 q - a ring of wizardry
Wands
 d - a wand of flame (15)
Scrolls
 f - a scroll of revelation {unknown}
 g - a scroll of immolation {unknown}
 k - 3 scrolls of identify {unknown}
 m - 2 scrolls of teleportation {unknown}
 n - 2 scrolls of poison {unknown}
 s - a scroll of enchant armour {unknown}
Potions
 b - a potion of ambrosia {unknown}
 e - a potion of attraction {unknown}
 i - a potion of heal wounds {unknown}
 t - 3 potions of degeneration {unknown}
 u - a potion of curing {unknown}
 v - a potion of resistance {unknown}
 w - a potion of mutation {unknown}
 x - a potion of lignification {unknown}
 z - a potion of haste {unknown}


   Skills:
 + Level 5.0 Fighting
 + Level 5.8 Axes
 + Level 5.0 Armour
 + Level 0.3 Dodging
 + Level 5.3 Shields


You had 5 spell levels left.
You didn't know any spells.
Your spell library contained the following spells:

 Spells                   Type           Power      Damage    Failure   Level
 Sandblast                Erth           0%         2d4       100%        1
 Passwall                 Tmut/Erth      0%         N/A       100%        2
 Stone Arrow              Conj/Erth      0%         3d7       100%        3
 Brom's Barrelling Bould  Conj/Erth      0%         2d3       100%        4


Dungeon Overview and Level Annotations

Branches:
Dungeon (5/15)
 Temple: D:4-7

Altars:
Uskayaw

Shops:
D:2 (


Innate Abilities, Weirdness & Mutations

You have a pair of horns on your head.
You reflexively headbutt those who attack you in melee.


Message History

There is an open door here.
There is an open door here.
As you open the door, it creaks loudly!
There is an open door here.
z - a murky blue potion
Found a scroll labelled OGOMECREPS.
n - 2 scrolls labelled OGOMECREPS (gained 1)
You see here a +0 leather armour.
There is an open door here.
There is an open door here.
There is an open door here.
There is a stone staircase leading down here.
You climb downwards.
The wyvern hisses angrily.
There is a stone staircase leading up here.
The wyvern bites you!
You closely miss the wyvern.
The wyvern bites you but does no damage.
The wyvern bites you!
You closely miss the wyvern. The wyvern barely misses you.
You furiously retaliate!
You headbutt the wyvern! The wyvern bites you!
You closely miss the wyvern.
You headbutt the wyvern, but do no damage.
The wyvern is heavily wounded.
The wyvern barely misses you. The wyvern bites you!
You sock the wyvern! You burn the wyvern.
The wyvern is filled with an inner flame.
The wyvern is almost dead.
The wyvern bites you but does no damage.
The wyvern barely misses you. The wyvern bites you!
* * * LOW HITPOINT WARNING * * *
You closely miss the wyvern.
The wyvern is severely wounded.
The wyvern bites you.
* * * LOW HITPOINT WARNING * * *
The wyvern bites you but does no damage.
You hit the wyvern but do no damage.
The wyvern is severely wounded.
The wyvern bites you!
You die...

..#....
...... #.#..#
#.#..# #....#
# #
#.#.##.##.
#.##.........
#..<.@l.#
####.##......
#.# #.... #.#
##. #.. ###


You could see a wyvern (inner flame).

Vanquished Creatures
  Sigmund (D:3)
  A phantom (D:2)
  A scorpion (D:2)
  Terence (D:3)
  Robin (D:3)
  4 adders
  A worm (D:2)
  2 dart slugs
  4 ball pythons
  A bat (D:2)
  8 endoplasms
  4 giant cockroaches
  15 goblins
  6 hobgoblins
  2 jackals (D:4)
  2 quokkas
  4 frilled lizards
  7 kobolds
  10 rats
75 creatures vanquished.

Notes
Turn   | Place    | Note
-------+----------+-------------------------------------------
     0 | D:1      | Fodor the Minotaur Fighter began the quest for the Orb.
     0 | D:1      | Reached XP level 1. HP: 19/19 MP: 0/0
   161 | D:1      | Reached XP level 2. HP: 27/27 MP: 1/1
   315 | D:1      | You fall into a shaft and drop 1 floor!
   315 | D:2      | Found a hide-covered altar of Uskayaw.
   518 | D:1      | Reached XP level 3. HP: 33/33 MP: 2/2
   766 | D:2      | Noticed a phantom
   779 | D:2      | Killed a phantom
   780 | D:2      | Reached XP level 4. HP: 41/41 MP: 3/3
   785 | D:2      | Found the +7 great mace "Firestarter" {flame, immolate,
                  | rFlCloud rF++}
   842 | D:2      | Found Olunguf's Weapon Shop.
   843 | D:2      | Noticed a +0 triple crossbow
   844 | D:2      | Noticed a +0 lajatang
  1161 | D:2      | Noticed a scorpion
  1168 | D:2      | Killed a scorpion
  1169 | D:2      | Reached XP level 5. HP: 27/47 MP: 4/4
  1514 | D:3      | Noticed Robin
  1516 | D:3      | Reached skill level 5 in Axes
  1519 | D:3      | Noticed Sigmund
  1523 | D:3      | Reached skill level 5 in Shields
  1526 | D:3      | Killed Robin
  1550 | D:3      | HP: 2/47 [Sigmund/+0 scythe (4)]
  1743 | D:3      | Killed Sigmund
  1744 | D:3      | Reached skill level 5 in Armour
  1744 | D:3      | Reached XP level 6. HP: 38/53 MP: 5/5
  1955 | D:3      | Noticed Terence
  1961 | D:3      | Killed Terence
  1962 | D:3      | Reached skill level 5 in Fighting
  3263 | D:5      | Entered Level 5 of the Dungeon
  3263 | D:5      | Noticed a wyvern
  3271 | D:5      | Mangled by a wyvern

Illustrated notes

Levels and vault maps discovered:
D:1:      dpeg_arrival_central, layout_rooms
D:2:      layout_basic, serial_shops, nicolae_shop_mannequins, serial_glass,
          glass_columns_b, glass_columns_b, basic_altar, minmay_small_reverse_x
D:3:      layout_basic, uniq_robin, uniq_sigmund, uniq_terence
D:4:      layout_basic, feat_on_display
D:5:      layout_loops_ring, grunt_temple_overflow_open,
          minmay_temple_entry_nine_rooms

Skill      XL: |  1  2  3  4  5  6 |
---------------+-------------------+-----
Fighting       | 4 5 |  5.0
Armour         | 4 5 |  5.0
Axes           | 3 4 5 |  5.8
Shields        | 4 5 |  5.3
Dodging        | |  0.3

Action                     |  1- 3 |  4- 6 || total
---------------------------+-------+-------++-------
  Melee: War axe           |    65 |    78 ||   143
         Headbutt          |     8 |     9 ||    17
         Great mace        |       |    11 ||    11
    Use: Potion            |       |     1 ||     1
 Armour: Scale mail        |     8 |       ||     8
         Plate armour      |    33 |   110 ||   143
  Dodge: Dodged            |    13 |    22 ||    35
  Block: Buckler           |     7 |       ||     7
         Tower shield      |    34 |    74 ||   108

Table legend: (Time is in decaauts)
 A = Elapsed time spent in this place.
 B = Non-inter-level travel time spent in this place.
 C = Inter-level travel time spent in this place.
 D = Time resting spent in this place.
 E = Time spent auto-exploring this place.
 F = Levels seen in this place.
 G = Mean time per level.
                   A        B        C        D        E       F      G
               +--------+--------+--------+--------+--------+-----+--------+
         Total |   3350 |   3162 |    188 |    293 |      0 |   5 |  670.0 |
       Dungeon |   3350 |   3162 |    188 |    293 |      0 |   5 |  670.0 |
               +--------+--------+--------+--------+--------+-----+--------+

Top non-repeatable levels by time:
     D:4: 1239 daAuts
     D:2: 949 daAuts
     D:3: 612 daAuts
     D:1: 539 daAuts
     D:5: 10 daAuts
